 Dungeon Crawl Stone Soup version 0.23.2-1-ga50397a (webtiles) character file.

Game seed: 9224726803753333639

2111 Crabhammer the Carver (level 9, 0/79 HPs)
             Began as a Minotaur Fighter on May 17, 2019.
             Was a Follower of Wu Jian.
             Slain by a sixfirhy (7 damage)
             ... summoned by a kobold demonologist
             ... in a bailey.
             The game lasted 00:23:41 (5948 turns).

Crabhammer the Carver (Minotaur Fighter)            Turns: 5948, Time: 00:23:42

Health: 0/79       AC:  8    Str: 22    XL:     9   Next: 8%
Magic:  8/8        EV: 10    Int:  7    God:    Wu Jian [*.....]
Gold:   86         SH: 10    Dex: 12    Spells: 8/8 levels left

rFire    + . .     SeeInvis .   a - +0 long sword
rCold    . . .     Gourm    .   c - +0 shield
rNeg     . . .     Faith    .   e - +0 ring mail {rC+}
rPois    .         Spirit   .   y - +2 hat
rElec    .         Reflect  .   (no cloak)
rCorr    .         Harm     .   (no gloves)
MR       .....                  (no boots)
Stlth    +.........             (no amulet)
HPRegen  0.23/turn              k - +2 ring of intelligence
MPRegen  0.11/turn              u - ring of fire

@: no status effects
A: retaliatory headbutt, horns 2
a: Renounce Religion


You were in a bailey.
You worshipped Wu Jian.
Wu Jian was aware of your devotion.
You were not hungry.

You visited 2 branches of the dungeon, and saw 8 of its levels.
You also visited: Bailey.

You collected 261 gold pieces.
You spent 175 gold pieces at shops.

Inventory:

Hand Weapons
 a - a +0 long sword (weapon)
Armour
 c - a +0 shield (worn)
 e - a +0 ring mail of cold resistance (worn)
 y - a +2 hat (worn)
Jewellery
 k - a +2 ring of intelligence (left hand)
 u - a ring of fire (right hand)
 E - an uncursed ring of protection from magic {unknown}
Wands
 b - a wand of acid (16)
 j - a wand of digging (6)
Scrolls
 d - 2 scrolls of random uselessness
 h - 7 scrolls of teleportation {unknown}
 i - 2 scrolls of enchant armour
 l - 7 scrolls of identify {unknown}
 o - 7 scrolls of amnesia {unknown}
 p - a scroll of immolation {unknown}
 q - a scroll of blinking
 r - a scroll of noise {unknown}
 t - a scroll of remove curse
Potions
 g - 3 potions of heal wounds {unknown}
 m - a potion of curing {unknown}
 n - a potion of invisibility {unknown}
 v - 2 potions of ambrosia {unknown}
 w - a potion of berserk rage {unknown}
 x - 2 potions of haste {unknown}
 z - a potion of brilliance {unknown}
 A - a potion of lignification {unknown}
 C - a potion of mutation {unknown}
 D - a potion of flight {unknown}
 F - a potion of might
Comestibles
 f - 9 rations
 B - 13 chunks of flesh


   Skills:
 + Level 7.5 Fighting
 + Level 10.2 Long Blades
 + Level 6.3 Armour
 + Level 3.0 Dodging
 + Level 5.8 Shields
 + Level 0.1 Evocations


You had 8 spell levels left.
You didn't know any spells.
Your spell library was empty.

Dungeon Overview and Level Annotations

Branches:
Dungeon (7/15)             Temple (1/1) D:4

Altars:
Ashenzari
Cheibriados
Dithmenos
Elyvilon
Fedhas
Gozag
Hepliaklqana
Kikubaaqudgha
Makhleb
Nemelex Xobeh
Okawaru
Qazlal
Ru
Sif Muna
Trog
Uskayaw
Vehumet
Wu Jian
Xom
Yredelemnul
Zin
The Shining One

Shops:
D:6 [


Innate Abilities, Weirdness & Mutations

You reflexively headbutt those who attack you in melee.
You have a pair of horns on your head.


Message History

You closely miss the orc. You headbutt the orc.
The orc is heavily wounded.
You block the sixfirhy's attack.
You miss the sixfirhy. The sixfirhy hits you! The sixfirhy shocks you!
You block the sixfirhy's attack. The sixfirhy hits you!
The sixfirhy shocks you! The sixfirhy hits you! The sixfirhy shocks you!
The kobold demonologist gestures wildly while chanting.
The sixfirhy hits you!
* * * LOW HITPOINT WARNING * * *
The sixfirhy shocks you!
* * * LOW HITPOINT WARNING * * *
You block the sixfirhy's attack.
The sixfirhy hits you but does no damage.
The kobold demonologist mumbles some strange words.
There is a large open door here.
Which direction?
As you close the large door, it creaks loudly!
A sixfirhy opens the large door.
The sixfirhy hits you!
You die...

#+####### #≈≈≈≈≈# #..5....#
#≈≈≈≈≈# +.8.858.# #≈≈≈≈≈#
#...Ko..######≈≈≈≈≈#
#....#g.....#.≈≈≈≈≈≈#
)#....#..o...#.≈≈≈≈≈.######
..#....#####''#.≈≈≈≈≈......#
..#.3..
#....3#.≈≈≈≈≈......###
#+#Ko..
#.....@..............# #g_
#..⌠..'..........∩..∩#
#.....'..............#
#.....#))≈≈≈≈......###
####++#.≈≈≈≈≈......#
#.≈≈≈≈≈.###### #.≈≈≈≈≈≈#
###≈≈≈≈≈# #≈≈≈≈≈#


You could see a kobold demonologist, a sixfirhy, an orc sorcerer, a crimson imp
and an orc.

Vanquished Creatures
  A hungry ghost (D:7)
  A black bear (D:6)
  2 orc warriors
  2 sky beasts
  A phantom (D:6)
  An ogre (D:6)
  A centaur (D:6)
  A wyvern zombie (D:7)
  Blork the orc (D:6)
  2 bullfrogs (D:6)
  3 crimson imps
  A howler monkey (D:6)
  A bullfrog zombie (D:5)
  3 hounds
  5 orc priests
  A bullfrog skeleton (D:6)
  2 iguanas
  A worker ant (D:4)
  8 orc wizards
  A killer bee zombie (D:6)
  A hound zombie (D:5)
  A worker ant zombie (D:5)
  10 adders
  3 shadow imps (D:6)
  An ooze (D:3)
  3 worms
  3 dart slugs
  2 leopard geckos
  26 orcs
  6 bats
  A giant cockroach (D:1)
  6 goblins
  13 hobgoblins
  8 jackals
  4 ball pythons
  3 frilled lizards
  8 kobolds
  A leopard gecko skeleton (D:6)
  6 rats
145 creatures vanquished.

Notes
Turn   | Place    | Note
-------+----------+-------------------------------------------
     0 | D:1      | Crabhammer the Minotaur Fighter began the quest for the
                  | Orb.
     0 | D:1      | Reached XP level 1. HP: 19/19 MP: 0/0
   216 | D:1      | Reached XP level 2. HP: 27/27 MP: 1/1
   693 | D:2      | Reached skill level 3 in Long Blades
   693 | D:2      | Reached XP level 3. HP: 32/33 MP: 2/2
  1182 | D:2      | Reached skill level 4 in Long Blades
  1185 | D:2      | Reached XP level 4. HP: 41/41 MP: 3/3
  1356 | D:2      | HP: 1/41 [something/magic dart (8)]
  1893 | D:3      | Reached skill level 5 in Long Blades
  2023 | D:3      | Reached XP level 5. HP: 47/47 MP: 4/4
  2551 | D:4      | Found a sparkling altar of Nemelex Xobeh.
  2598 | D:4      | Reached skill level 5 in Fighting
  2720 | D:4      | Reached skill level 6 in Long Blades
  2865 | D:4      | Found an ancient bone altar of Kikubaaqudgha.
  2866 | D:4      | Found an iron altar of Okawaru.
  2903 | D:4      | Found a staircase to the Ecumenical Temple.
  2928 | Temple   | Entered the Ecumenical Temple
  2954 | Temple   | Became a worshipper of the Wu Jian Council
  3076 | D:4      | Reached XP level 6. HP: 50/56 MP: 5/5
  3152 | D:5      | Entered Level 5 of the Dungeon
  3152 | D:5      | Noticed a sky beast
  3165 | D:4      | Reached skill level 1 in Dodging
  3197 | D:4      | Killed a sky beast
  4191 | D:5      | Reached XP level 7. HP: 61/61 MP: 6/6
  4301 | D:5      | Reached skill level 7 in Long Blades
  4469 | D:6      | Reached skill level 5 in Armour
  4592 | D:6      | Got a dazzling helmet
  4742 | D:6      | Reached skill level 5 in Shields
  4766 | D:6      | Reached skill level 8 in Long Blades
  4808 | D:6      | Reached XP level 8. HP: 38/70 MP: 7/7
  5198 | D:6      | Reached * piety under Wu Jian
  5217 | D:6      | Reached skill level 9 in Long Blades
  5419 | D:6      | Found Ipooseag's Antique Armour Emporium.
  5427 | D:6      | Bought a glowing hat for 175 gold pieces
  5494 | D:6      | Noticed Blork the orc
  5497 | D:6      | Killed Blork the orc
  5715 | D:7      | Reached skill level 10 in Long Blades
  5715 | D:7      | Reached XP level 9. HP: 62/79 MP: 8/8
  5816 | D:7      | Found a flagged portal.
  5882 | Bailey   | Entered a bailey
  5935 | Bailey   | Found an iron altar of Okawaru.
  5935 | Bailey   | Noticed an orc sorcerer
  5935 | Bailey   | Noticed a kobold demonologist
  5938 | Bailey   | Noticed a sixfirhy
  5948 | Bailey   | Slain by a sixfirhy

Skill      XL: |  1  2  3  4  5  6  7  8 |
---------------+-------------------------+-----
Armour         | 4 5 6 |  6.3
Fighting       | 4 5 6 7 |  7.5
Long Blades    | 3 4 5 6 8 10 | 10.2
Shields        | 4 5 |  5.8
Dodging        | 1 2 3 |  3.0
Evocations     | |  0.1

Action                   |  1- 3 |  4- 6 |  7- 9 || total
-------------------------+-------+-------+-------++-------
Melee: Long sword        |    92 |   210 |   190 ||   492
       Headbutt          |    16 |    38 |    38 ||    92
Invok: Lunge             |       |     5 |    15 ||    20
Evoke: Wand              |       |       |     3 ||     3
  Use: Potion            |       |     1 |       ||     1
       Scroll            |       |       |     5 ||     5
 Stab: Distracted        |       |     1 |       ||     1
  Eat: Chunk             |     1 |    10 |    10 ||    21
Armor: Scale mail        |    26 |    82 |     8 ||   116
       Ring mail         |       |       |    36 ||    36
Dodge: Dodged            |    22 |    62 |    42 ||   126
Block: Shield            |    43 |   107 |    60 ||   210
       Rpst.: Long sword |     4 |    16 |    13 ||    33
